[Event "Polofinale MCR junioru 2023"]
[Site "Czech Republic"]
[Date "2023.11.18"]
[Round "9.18"]
[White "Pressler, Tobias"]
[Black "Davidek, Zdenek"]
[Result "1/2-1/2"]
[TimeControl "90 min per 40 moves + 15 min + 30 sec / move from move 1"]
[WhiteFideId "23715359"]
[BlackFideId "23725001"]
[WhiteElo "1937"]
[BlackElo "2099"]

1. e4 c5 2. Nc3 Nc6 3. Bb5 Nd4 4. Nf3 a6 5. Bd3 g6 6. Nxd4 cxd4 7. Ne2 d5 8. e5 Bg7 9. f4 Qb6 10.
O-O Bf5 11. Ng3 Bxd3 1/2-1/2

[Event "Polofinale MCR junioru 2023"]
[Site "Czech Republic"]
[Date "2023.11.18"]
[Round "9.19"]
[White "Stejskal, Michal"]
[Black "Hozda, Max"]
[Result "1/2-1/2"]
[TimeControl "90 min per 40 moves + 15 min + 30 sec / move from move 1"]
[WhiteFideId "398195"]
[BlackFideId "23725958"]
[WhiteElo "1872"]
[BlackElo "2045"]

1. e4 d5 2. exd5 Qxd5 3. Nc3 Qe5+ 4. Qe2 Qxe2+ 5. Bxe2 c6 6. Nf3 Bf5 7. d3 h6 8. O-O Nd7 9. Re1 Ngf6 10.
Nd4 Bh7 11. Bf3 O-O-O 12. Be3 Ne5 13. Be2 Neg4 14. Nf3 Nxe3 15. fxe3 Nd7 16. Rad1 e5 17. Bf1 Bd6 18. Re2 Rhe8 19.
Nd2 Nf8 20. g3 Ne6 21. Bg2 f5 22. Nc4 Bc7 23. Rde1 Rf8 24. Rf1 g5 25. Bh3 b5 26. Nd2 Bb6 27. Kh1 Kc7 28. Nb3 a5 29.
a4 b4 30. Nb1 g4 31. Bg2 Bg8 32. N1d2 Nc5 33. Nxc5 Bxc5 34. b3 h5 1/2-1/2

[Event "Polofinale MCR junioru 2023"]
[Site "Czech Republic"]
[Date "2023.11.18"]
[Round "9.20"]
[White "Jasso, Matej"]
[Black "Mydlar, Matej"]
[Result "0-1"]
[TimeControl "90 min per 40 moves + 15 min + 30 sec / move from move 1"]
[WhiteFideId "23710748"]
[BlackFideId "23735074"]
[WhiteElo "2033"]
[BlackElo "1809"]

1. e4 c5 2. Nf3 e6 3. Qe2 Nc6 4. g3 Be7 5. Bg2 d5 6. d3 Nf6 7. O-O O-O 8. e5 Nd7 9. c4 f6 10.
exf6 Nxf6 11. Rd1 Bd6 12. d4 cxd4 13. Nxd4 Nxd4 14. Rxd4 Bc5 15. Rd3 Qb6 16. Rb3 Qa6 17. Be3 Bxe3 18. Rxe3 d4 19. Rb3 Qd6 20. Nd2 e5 21. Re1 Re8 22.
Rb5 d3 23. Bd5+ Qxd5 24. cxd5 dxe2 25. Rxe2 b6 26. Rb3 Bb7 27. d6 e4 28. Ra3 Re6 29. f3 Rxd6 30. fxe4 Re6 31. e5 Ng4 32.
Nc4 Bd5 33. Rc3 Rae8 34. Nd6 Rxd6 35. exd6 Rxe2 36. Rc8+ Kf7 37. Kf1 Bf3 38. Rc7+ Kf6 39. d7 Ne3+ 40. Kg1 Rg2+ 0-1

[Event "Polofinale MCR junioru 2023"]
[Site "Czech Republic"]
[Date "2023.11.18"]
[Round "9.21"]
[White "Veny, Jaume"]
[Black "Mametev, Artem"]
[Result "0-1"]
[TimeControl "90 min per 40 moves + 15 min + 30 sec / move from move 1"]
[WhiteFideId "397792"]
[BlackFideId "23710195"]
[WhiteElo "1729"]
[BlackElo "2024"]

1. b3 e5 2. e4 Nf6 3. d3 Nc6 4. Bb2 Bc5 5. Be2 O-O 6. Nf3 d6 7. O-O h6 8. Nc3 a5 9. Nd5 Be6 10.
Ne3 a4 11. Qd2 Re8 12. Rae1 Kh7 13. h3 Qd7 14. Nh2 axb3 15. axb3 Ra2 16. Rb1 Bd4 17. Qc1 Rea8 18. f4 Bxb2 19.
Rxb2 Nd4 20. Bd1 exf4 21. Rxa2 Rxa2 22. Rxf4 Qe7 23. Qb1 Ra8 24. Qb2 c5 25. c3 Nc6 26. Bc2 Kg8 27. Nhg4 Nxg4 28.
Nxg4 Bxg4 29. Rxg4 Qe5 30. h4 b5 31. Qc1 Qxc3 32. Qxh6 Ra1+ 33. Kh2 Qe5+ 34. g3 Ra2 0-1

[Event "Polofinale MCR junioru 2023"]
[Site "Czech Republic"]
[Date "2023.11.18"]
[Round "9.22"]
[White "Svadlenka, Michal"]
[Black "Rousek, Jan"]
[Result "0-1"]
[TimeControl "90 min per 40 moves + 15 min + 30 sec / move from move 1"]
[WhiteFideId "23717068"]
[BlackFideId "386669"]
[WhiteElo "1689"]
[BlackElo "2006"]

1. e4 c5 2. Nf3 e6 3. d4 cxd4 4. Nxd4 Nf6 5. Nc3 Nc6 6. Be3 Bb4 7. f3 d5 8. exd5 Nxd5 9. Nxc6 bxc6 10.
Bd4 O-O 11. Qd2 e5 12. Bf2 Qa5 13. O-O-O Nxc3 0-1

[Event "Polofinale MCR junioru 2023"]
[Site "Czech Republic"]
[Date "2023.11.18"]
[Round "9.24"]
[White "Pecka, Jan"]
[Black "Sprinar, Michal"]
[Result "1-0"]
[TimeControl "90 min per 40 moves + 15 min + 30 sec / move from move 1"]
[WhiteFideId "23712520"]
[BlackFideId "23714190"]
[WhiteElo "1999"]
[BlackElo "1742"]

1. d4 Nf6 2. c4 g6 3. Nc3 d5 4. cxd5 Nxd5 5. Bd2 Bg7 6. e4 Nxc3 7. Bxc3 Nd7 8. Nf3 Nf6 9. Bd3 O-O 10.
O-O c6 11. h3 Qb6 12. Qd2 Be6 13. Ba5 Nxe4 14. Bxe4 Qb5 15. Bc3 Qh5 16. Qg5 1-0

[Event "Polofinale MCR junioru 2023"]
[Site "Czech Republic"]
[Date "2023.11.18"]
[Round "9.25"]
[White "Mrazek, Roman"]
[Black "Vlcek, Vojtech"]
[Result "1/2-1/2"]
[TimeControl "90 min per 40 moves + 15 min + 30 sec / move from move 1"]
[WhiteFideId "23707062"]
[BlackFideId "23728647"]
[WhiteElo "1866"]
[BlackElo "1703"]

1. e4 e5 2. Nf3 Nc6 3. Bc4 Bc5 4. c3 Nf6 5. d3 O-O 6. O-O d6 7. a4 a6 8. Re1 h6 9. Nbd2 Re8 10.
Nf1 Ne7 11. Qb3 Rf8 12. d4 exd4 13. cxd4 Ba7 14. Bd3 Nc6 15. Be3 Ng4 16. Ng3 Nxe3 17. fxe3 Na5 18. Qc3 c5 19. Rad1 Qb6 20. Bc2 Nc6 21. d5 Ne7 22. e5 Bg4 23. exd6 Qxd6 24. e4 b5 25. e5 c4+ 26.
Kh1 Qb6 27. h3 b4 28. Qxc4 Bxf3 29. gxf3 Qf2 30. Qe4 Ng6 31. Nf5 Rfe8 32. Re2 Rxe5 33. Rxf2 Rxe4 34. fxe4 Bxf2 35. a5 Ne5 36. Ba4 Nc4 37. Ne7+ Kf8 38. Rf1 Kxe7 39. Rxf2 Nxa5 1/2-1/2

[Event "Polofinale MCR junioru 2023"]
[Site "Czech Republic"]
[Date "2023.11.18"]
[Round "9.26"]
[White "Roubal, Matyas"]
[Black "Sadil, Antonin"]
[Result "1/2-1/2"]
[TimeControl "90 min per 40 moves + 15 min + 30 sec / move from move 1"]
[WhiteFideId "23727152"]
[BlackFideId "23735597"]
[WhiteElo "1837"]
[BlackElo "1648"]

1. e4 c5 2. Nf3 d6 3. d4 cxd4 4. Nxd4 Nf6 5. Nc3 g6 6. Be3 Bg7 7. f3 O-O 8. Bc4 Nc6 9. Qd2 Bd7 10.
O-O-O Rb8 11. Nxc6 bxc6 12. Bxa7 Rb7 13. Be3 c5 14. Rde1 Qb6 15. Nd1 Nxe4 16. fxe4 Bxb2+ 17. Nxb2 Qxb2+ 18. Kd1 Bg4+ 19. Be2 Be6 20. Qd3 c4 21. Qd4 c3 22. Bc1 Qxa2 23. h4 Rb1 24. Qxc3 Rc8 25. Qd2 d5 26. exd5 Bxd5 27.
Bd3 Be6 28. Ke2 Bc4 29. Bxc4 Qxc4+ 30. Kf2 Rb5 31. Rxe7 Rf5+ 32. Kg3 h5 33. Qe2 Qa4 34. Bb2 Rf4 35. Qe5 Rg4+ 36. Kh2 Rxg2+ 37. Kxg2 Rxc2+ 38. Kf1 Qc4+ 39. Qe2 Qf4+ 40. Ke1 Qg3+ 41. Kd1 Rxe2 42. Rxe2 Qd3+ 43. Ke1 Kh7 44. Rg1 Qb1+ 45. Kf2 Qf5+ 46.
Ke3 Qe6+ 47. Kd3 Qb3+ 1/2-1/2

[Event "Polofinale MCR junioru 2023"]
[Site "Czech Republic"]
[Date "2023.11.18"]
[Round "9.27"]
[White "Nespurek, Jakub"]
[Black "Bednar, Milos"]
[Result "1-0"]
[TimeControl "90 min per 40 moves + 15 min + 30 sec / move from move 1"]
[WhiteFideId "391816"]
[BlackFideId "23709812"]
[WhiteElo "1680"]
[BlackElo "1833"]

1. e4 c5 2. c3 d5 3. exd5 Qxd5 4. d4 Nc6 5. Nf3 Bg4 6. Be2 e6 7. O-O Nf6 8. Be3 cxd4 9. cxd4 Be7 10.
Nc3 Qd6 11. Qb3 O-O 12. Rfd1 Nb4 13. Rd2 b6 14. a3 Nbd5 15. Nb5 Qb8 16. Rc1 a6 17. Nc3 Qb7 18. h3 Bh5 19. Ne5 Bxe2 20.
Rxe2 Rac8 21. Rec2 Rc7 22. Nxd5 Nxd5 23. Rxc7 Nxc7 24. Nd7 Rd8 25. Nc5 Qa7 26. Nd3 Bf6 27. Nb4 Qb7 28. Qc4 Nb5 29.
Nc6 Rd5 30. a4 Nd6 31. Qc2 g6 32. Nb4 Ra5 33. Nc6 Rh5 34. Bf4 Rd5 35. Be3 a5 36. b4 Nf5 37. bxa5 bxa5 38. Qc3 Qb6 39.
g4 Nxd4 40. Bxd4 Bxd4 41. Ne7+ Kf8 42. Nxd5 Bxf2+ 43. Kg2 exd5 44. Qh8+ Ke7 45. Qe5+ Kd7 46. Qxd5+ Ke7 47. Qe5+ Kd8 48.
Rd1+ Kc8 49. Qe8+ Kb7 1-0

[Event "Polofinale MCR junioru 2023"]
[Site "Czech Republic"]
[Date "2023.11.18"]
[Round "9.28"]
[White "Valdman, Jakub"]
[Black "Siles, Jan"]
[Result "1/2-1/2"]
[TimeControl "90 min per 40 moves + 15 min + 30 sec / move from move 1"]
[WhiteFideId "23718196"]
[BlackFideId "23715405"]
[WhiteElo "1594"]
[BlackElo "1829"]

1. e4 c5 2. Nf3 e6 3. d4 cxd4 4. Nxd4 Nf6 5. Nc3 Bb4 6. Bd3 Nc6 7. Nxc6 bxc6 8. O-O e5 9. Re1 O-O 10.
Bg5 Be7 11. Qf3 d6 12. Bc4 Be6 13. Bb3 Nd7 14. Be3 Nb6 15. Qe2 Bf6 16. Rad1 Qe7 17. Rd2 Rad8 18. Red1 Rd7 19. Qa6 Bxb3 20.
axb3 Bg5 21. Bxg5 Qxg5 22. Na4 Qd8 23. h3 Qc7 24. Rd3 f5 25. Nxb6 axb6 26. Qc4+ Kh8 27. Qe6 fxe4 28. Rxd6 Rxd6 29. Rxd6 Qa7 30. Rxc6 b5 31.
Rc8 Qxf2+ 32. Kh2 Qf4+ 33. Kg1 Qf2+ 34. Kh2 Qf4+ 35. Kg1 e3 36. Rxf8+ Qxf8 37. Qxe5 Qf2+ 38. Kh2 h6 39. Qe8+ 1/2-1/2

[Event "Polofinale MCR junioru 2023"]
[Site "Czech Republic"]
[Date "2023.11.18"]
[Round "9.29"]
[White "Svadlenka, Dominik"]
[Black "Babula, Matej"]
[Result "0-1"]
[TimeControl "90 min per 40 moves + 15 min + 30 sec / move from move 1"]
[WhiteFideId "23716258"]
[BlackFideId "398322"]
[WhiteElo "1725"]
[BlackElo "1899"]

1. d4 Nf6 2. Nc3 d5 3. Bf4 Bf5 4. e3 e6 5. Nf3 Bd6 6. Ne5 O-O 7. Bd3 Ne4 8. Bxe4 dxe4 9. g4 Bxe5 10.
Bxe5 Bg6 11. h4 h6 12. h5 Bh7 13. Qe2 Nd7 14. Bf4 Nb6 15. Rg1 f6 16. O-O-O Kh8 17. Kb1 Qd7 18. Qb5 c6 19.
Qc5 Nd5 20. Ne2 a5 21. a3 b6 22. Qc4 Rfc8 23. Qa2 b5 24. c4 Nb6 25. c5 Nd5 26. Qb3 a4 27. Qc2 b4 28. Bd6 Ra7 29.
Ka1 Rb7 30. Rb1 Ra8 31. Ng3 Nc7 32. Bxc7 Rxc7 33. Nf1 Bg8 34. Rc1 e5 35. Nd2 exd4 36. Qxe4 dxe3 37. Qxe3 bxa3 38. bxa3 Re8 39.
Qf4 Qd5 40. Nc4 Re4 41. Qxc7 Rxc4 42. Rb1 Rc1 43. Kb2 Qd2+ 0-1

[Event "Polofinale MCR junioru 2023"]
[Site "Czech Republic"]
[Date "2023.11.18"]
[Round "9.30"]
[White "Andrle, Filip"]
[Black "Urbansky, Stepan"]
[Result "1-0"]
[TimeControl "90 min per 40 moves + 15 min + 30 sec / move from move 1"]
[WhiteFideId "23718749"]
[BlackFideId "23761741"]
[WhiteElo "2005"]
[BlackElo "1675"]

1. e4 c5 2. c4 Nc6 3. Nc3 Nf6 4. g3 d6 5. Bg2 g6 6. Nge2 Bg7 7. O-O e5 8. d3 O-O 9. Rb1 Nh5 10.
Nd5 f5 11. f4 Nf6 12. a3 Nxd5 13. cxd5 Nd4 14. b4 Nxe2+ 15. Qxe2 cxb4 16. Rxb4 a5 17. Rb1 Rb8 18. Be3 b5 19.
fxe5 dxe5 20. Ba7 Rb7 21. Bc5 Rff7 22. d6 Rb8 23. Qa2 Qe8 24. exf5 Kh8 25. fxg6 Rxf1+ 26. Rxf1 hxg6 27. Be4 b4 28.
axb4 axb4 29. Qa7 Qb5 30. Rf7 Rb7 31. Bxb7 1-0

[Event "Polofinale MCR junioru 2023"]
[Site "Czech Republic"]
[Date "2023.11.18"]
[Round "9.31"]
[White "Slaby, Matej"]
[Black "Zezula, Matej"]
[Result "1-0"]
[TimeControl "90 min per 40 moves + 15 min + 30 sec / move from move 1"]
[WhiteFideId "23734876"]
[BlackFideId "23725796"]
[WhiteElo "1940"]
[BlackElo "1666"]

1. e4 c5 2. Nf3 d6 3. Bb5+ Bd7 4. Bxd7+ Qxd7 5. O-O g6 6. c4 Bg7 7. d4 cxd4 8. Nxd4 Nf6 9. Nc3 O-O 10.
f3 Nc6 11. Be3 Rac8 12. b3 Rfd8 13. Qd2 Ne5 14. Rac1 Ne8 15. Rfd1 Nf6 16. h3 Nc6 17. Qf2 b6 18. a4 Na5 19.
Qa2 Qb7 20. Nce2 Nd7 21. Rc2 Ne5 22. Bd2 Nac6 23. Bc3 Nxd4 24. Bxd4 Nc6 25. Bc3 Qd7 26. Bxg7 Kxg7 27. Qb2+ Kg8 28.
h4 h5 29. Qc3 Ne5 30. Qe3 Kh7 31. Nc3 Qe6 32. Nd5 Rg8 33. Ra2 Nc6 34. Rc1 Na5 35. Rac2 Qe5 36. b4 Nb7 37. a5 bxa5 38.
Qxa7 Rb8 39. bxa5 e6 40. Ne7 Rgf8 41. Nc6 Qc5+ 42. Qxc5 Nxc5 43. Nxb8 Rxb8 44. Rd1 Ra8 45. Ra2 Ra6 46.
Rb1 Kg7 47. Rb6 Ra8 48. Rxd6 Nb7 49. Rb6 Rxa5 50. Rxa5 Nxa5 51. c5 Nc4 52. Rb8 Ne5 53. f4 Nc6 54. Rb6 1-0

[Event "Polofinale MCR junioru 2023"]
[Site "Czech Republic"]
[Date "2023.11.18"]
[Round "9.32"]
[White "Hrbek, Jachym"]
[Black "Kocman, Patrik"]
[Result "0-1"]
[TimeControl "90 min per 40 moves + 15 min + 30 sec / move from move 1"]
[WhiteFideId "23709138"]
[BlackFideId "23735732"]
[WhiteElo "1913"]
[BlackElo "1478"]

1. e4 e5 2. Nf3 Nc6 3. Bc4 Bc5 4.
c3 Nf6 5. d3 h6 6. Bb3 d6 7. h3 O-O 8. Nbd2 a6 9. Nf1 Be6 10. Bc2 Ba7 11. g4 d5 12. Qe2 dxe4 13. dxe4 b5 14.
Ne3 Qd6 15. Nh4 Ne7 16. Rg1 Nh7 17. Nef5 Nxf5 18. gxf5 Bd7 19. Bb3 Kh8 20. Rg6 Qe7 21. Bxh6 gxh6 22. f6 Nxf6 23. Rxh6+ Kg7 24.
O-O-O Kxh6 25. Qd2+ Kh7 26. Nf3 Nxe4 27. Qe2 f5 28. Ng5+ Qxg5+ 0-1

[Event "Polofinale MCR junioru 2023"]
[Site "Czech Republic"]
[Date "2023.11.18"]
[Round "9.33"]
[White "Gregor, Alexandr"]
[Black "Popov, Roman"]
[Result "0-1"]
[TimeControl "90 min per 40 moves + 15 min + 30 sec / move from move 1"]
[WhiteFideId "23735813"]
[BlackFideId "23732580"]
[WhiteElo "1601"]
[BlackElo "1889"]

1. e4 c6 2. d4 d5 3. e5 Bf5 4. Bd3 Bxd3 5. Qxd3 e6 6. Ne2 Qb6 7. O-O Ne7 8. f4 h5 9. f5 Nxf5 10.
Rxf5 exf5 11. Qxf5 Qc7 12. e6 fxe6 13. Qxe6+ Qe7 14. Qc8+ Kf7 15. Nbc3 Qd7 16. Qxd7+ Nxd7 17. Bg5 Be7 18.
Bxe7 Kxe7 19. Nf4 Kd6 20. Nce2 g5 21. Nh3 Rhg8 22. Ng3 h4 23. Nf5+ Ke6 24. Nh6 Rg6 25. Re1+ Kd6 26. Nf7+ Kc7 27.
Nfxg5 Rag8 28. Ne6+ Kc8 29. Nef4 Rg4 30. Re2 Nf6 31. Kf1 Ne4 32. c4 Rf8 33. cxd5 Rgxf4+ 34. Nxf4 Rxf4+ 35. Kg1 cxd5 0-1

[Event "Polofinale MCR junioru 2023"]
[Site "Czech Republic"]
[Date "2023.11.18"]
[Round "9.34"]
[White "Mrazek, Adam"]
[Black "Jurok, Vojtech"]
[Result "0-1"]
[TimeControl "90 min per 40 moves + 15 min + 30 sec / move from move 1"]
[WhiteFideId "23725010"]
[BlackFideId "23741023"]
[WhiteElo "1643"]
[BlackElo "1801"]

1. c4 e5 2. g3 d6 3. Bg2 f5 4. Nc3 Nf6 5. e3 Be7 6. Nge2 O-O 7. O-O c6 8. Qb3 Kh8 9. d4 e4 10.
f3 d5 11. fxe4 dxe4 12. Nf4 Na6 13. a3 Nc7 14. Bd2 b6 15. Rfd1 Ne6 16. Nce2 g5 17. Nxe6 Bxe6 18. Qc2 Qe8 19.
b3 Qh5 20. Nc3 Rad8 21. Rac1 Bd6 22. d5 cxd5 23. cxd5 Bxd5 24. Nxd5 Nxd5 25. Bc3+ Nxc3 26. Qxc3+ Kg8 27. Bf1 h6 28.
Qa1 Bc5 29. Bc4+ Kh7 30. Re1 Qf3 31. Qc3 f4 32. Be2 Bxe3+ 0-1

[Event "Polofinale MCR junioru 2023"]
[Site "Czech Republic"]
[Date "2023.11.18"]
[Round "9.36"]
[White "Hampl, David"]
[Black "Lieber, Lukas"]
[Result "0-1"]
[TimeControl "90 min per 40 moves + 15 min + 30 sec / move from move 1"]
[WhiteFideId "398802"]
[BlackFideId "23700688"]
[WhiteElo "1801"]
[BlackElo "1959"]

1. d4 d5 2. Bf4 e6 3. Nf3 Bd6 4. e3 Nf6 5. Ne5 O-O 6. Bd3 c5 7. c3 Qc7 8. Nd2 b6 9. g4 Nfd7 10.
g5 Nxe5 11. dxe5 Bxe5 12. Bxh7+ Kxh7 13. Qh5+ Kg8 14. g6 fxg6 15. Qxe5 Qxe5 16. Bxe5 Nc6 17. Bg3 e5 18. O-O-O Bf5 19.
e4 dxe4 20. Rde1 Be6 21. b3 a5 22. a4 Rad8 23. Kc2 Rd7 24. Bh4 g5 25. Bxg5 Rxf2 26. Be3 Rg2 27. Reg1 Re2 28. Re1 Bg4 29.
Rxe2 Bxe2 30. Re1 Bd3+ 31. Kc1 Rf7 32. Nc4 Bxc4 33. bxc4 Rf3 34. Kd2 Rh3 35. Bg1 Ne7 36. Rb1 Nc8 37.
Bxc5 bxc5 38. Rb8 Rd3+ 39. Ke2 Rd8 40. Rb5 Nd6 41. Rxc5 Rc8 42. Rxe5 Rxc4 43. Rxa5 Rxc3 44. Ra6 Nc4 45.
Rc6 Rc2+ 46. Ke1 Ne3 47. Re6 Rxh2 48. Rxe4 Nf5 49. a5 Ra2 50. Re8+ Kf7 51. Ra8 g5 52. a6 g4 53. a7 Kg7 54.
Kf1 Ne3+ 55. Kg1 g3 56. Re8 Ra1# 0-1

[Event "Polofinale MCR junioru 2023"]
[Site "Czech Republic"]
[Date "2023.11.18"]
[Round "9.37"]
[White "Pistej, Tomas"]
[Black "Rucabado, Stefan"]
[Result "1-0"]
[TimeControl "90 min per 40 moves + 15 min + 30 sec / move from move 1"]
[WhiteFideId "23750740"]
[BlackFideId "23730315"]
[WhiteElo "1502"]
[BlackElo "1873"]

1. e4 g6 2. d4 Bg7 3. Nc3 a6 4. f4 b5 5. Nf3 Bb7 6. Bd3 d6 7. O-O Nd7 8. Be3 Ngf6 9. h3 O-O 10.
Qd2 c5 11. e5 Nd5 12. Nxd5 Bxd5 13. exd6 exd6 14. dxc5 Bxf3 15. Rxf3 dxc5 16. c4 bxc4 17.
Bxc4 Nb6 18. Qc2 Nxc4 19. Qxc4 Bxb2 20. Rb1 Ba3 21. Bxc5 Bxc5+ 22. Qxc5 Rc8 23. Qa3 Rc2 24. Qd3 Qc8 25.
Rf2 Rxf2 26. Kxf2 Rd8 27. Qb3 Qc5+ 28. Kg3 h5 29. Rd1 Re8 30. Rd3 Re2 31. Kh2 Qf2 32. Rd8+ Kg7 33. Qc3+ f6 34.
Qc7+ 1-0

[Event "Polofinale MCR junioru 2023"]
[Site "Czech Republic"]
[Date "2023.11.18"]
[Round "9.38"]
[White "Fizerova, Lucie"]
[Black "Striz, Tadeas"]
[Result "1-0"]
[TimeControl "90 min per 40 moves + 15 min + 30 sec / move from move 1"]
[WhiteFideId "385115"]
[BlackFideId "23723530"]
[WhiteElo "1886"]
[BlackElo "1371"]

1. Nf3 d5 2. g3 Nf6 3. Bg2 e6 4. d3 Be7 5. Nbd2 Nbd7 6. O-O O-O 7. e4 dxe4 8. dxe4 e5 9. Qe2 c6 10.
b3 Qc7 11. Bb2 b5 12. Rfd1 Re8 13. h3 a5 14. a4 bxa4 15. Rxa4 Bf8 16. Rda1 Nc5 17. R4a2 h6 18. Bc3 Nb7 19. Nc4 Nd7 20. Nxa5 Nxa5 21. Rxa5 Bb7 22. Rxa8 Rxa8 23. Rxa8 Bxa8 24. h4 Bd6 25.
Nd2 Nf6 26. Nc4 1-0

[Event "Polofinale MCR junioru 2023"]
[Site "Czech Republic"]
[Date "2023.11.18"]
[Round "9.39"]
[White "Brychta, David"]
[Black "Sklar, Petr"]
[Result "1/2-1/2"]
[TimeControl "90 min per 40 moves + 15 min + 30 sec / move from move 1"]
[WhiteFideId "23742798"]
[BlackFideId "23731141"]
[WhiteElo "1230"]
[BlackElo "1160"]

1. c4 f5 2. Nc3 Nf6 3. d4 g6 4. Nf3 Bg7 5. Bg5 h6 6. Bd2 d6 7. g3 O-O 8. Bg2 Nc6 9. e3 e5 10.
O-O Kh7 11. Qc2 e4 12. Ne1 d5 13. cxd5 Nxd5 14. Nxd5 Qxd5 15. Qc1 Be6 16. Nc2 Qb5 17. Na3 Qd5 18. Nc2 Qd7 19. Nb4 Ne7 20.
Nc2 Bc4 21. Re1 Bf7 22. Bb4 Rfd8 23. Bxe7 Qxe7 24. b3 c5 25. Rd1 Rac8 26. Qa3 b5 27. Rab1 b4 28. Qa5 cxd4 29. Nxd4 Qb7 30.
Nxf5 Rxd1+ 31. Rxd1 gxf5 32. Qxf5+ Bg6 33. Bxe4 Bxf5 34. Bxb7 Rc2 35. e4 Bh3 36. e5 Kg8 37. f4 Kf8 38.
Bd5 Ke7 39. Bc4 Rg2+ 40. Kh1 Rxa2 41. Kg1 Rg2+ 42. Kh1 Ra2 43. Kg1 1/2-1/2